 Dungeon Crawl Stone Soup version 0.21.0-24-g2553a33 (webtiles) character file.

42 pstr the Digger (level 3, -1/28 HPs)
             Began as a Naga Earth Elementalist on Jan 21, 2018.
             Slain by an adder (5 damage)
             ... on level 2 of the Dungeon.
             The game lasted 00:03:08 (1211 turns).

pstr the Digger (Naga Earth Elementalist)           Turns: 1211, Time: 00:03:09

Health: -1/28      AC:  2    Str: 10    XL:     3   Next: 56%
Magic:  0/6        EV: 10    Int: 16    God:
Gold:   36         SH:  0    Dex: 11    Spells: 2/6 levels left

rFire    . . .     SeeInvis +   (no weapon)
rCold    . . .     Gourm    .   (no shield)
rNeg     . . .     Faith    .   c - +0 robe
rPois    +         Spirit   .   (no helmet)
rElec    .         Reflect  .   (no cloak)
rCorr    .         Harm     .   (no gloves)
MR       .....                  (no barding)
Stlth    ++........             (no amulet)
HPRegen  0.09/turn              (no ring)
MPRegen  0.10/turn              (no ring)

@: lethally poisoned (-1 -> -7), short of breath, very slow
A: large, see invisible, deformed body, poison resistance, slowness 2, slow
metabolism 1, spit poison 1, AC +1
a: Spit Poison


You were on level 2 of the Dungeon.
You were not hungry.

You visited 1 branch of the dungeon, and saw 2 of its levels.

You collected 36 gold pieces.

Inventory:

Missiles
 b - 65 stones (quivered)
 g - 47 arrows
Armour
 c - a +0 robe (worn)
 k - a +0 leather armour
Scrolls
 j - a scroll of teleportation {unknown}
 l - a scroll of identify {unknown}
Potions
 a - 2 potions of curing {unknown}
 f - 2 potions of lignification {unknown}
 i - a potion of haste {unknown}
 m - a potion of brilliance {unknown}
Books
 e - a book of Geomancy

   Spells                             Type                      Level
   a - Sandblast                      Earth                        1
   b - Passwall                       Transmutation/Earth          2
   c - Stone Arrow                    Conjuration/Earth            3
   d - Petrify                        Transmutation/Earth          4
   e - Lee's Rapid Deconstruction     Earth                        5
Comestibles
 d - 6 rations
 h - 2 chunks of flesh


   Skills:
 + Level 1.6 Dodging
 + Level 3.2 Stealth
 + Level 2.2 Spellcasting
   Level 1.0 Transmutations
 + Level 4.1 Earth Magic


You had 2 spell levels left.
You knew the following spells:

 Your Spells              Type           Power        Failure   Level  Hunger
a - Sandblast             Erth           ###...       3%          1    #......
b - Stone Arrow           Conj/Erth      #.....       26%         3    ###....


Dungeon Overview and Level Annotations

Branches:
Dungeon (2/15)

Altars:


Innate Abilities, Weirdness & Mutations

You cannot wear boots.
Your serpentine skin is tough. (AC +1)
You have supernaturally acute eyesight. (SInv)
Armour fits poorly on your strangely shaped body.
Your system is resistant to poisons. (rPois)
You cover ground very slowly.
You have a slow metabolism.
You can spit poison.


Message History

You feel sick. The adder bites you.
You feel sick. The adder bites you.
Casting: Stone Arrow
Confirm with . or Enter, or press ? or * to list all spells.
Aiming: Sandblast
Press: ? - help, Shift-Dir - straight line, f/p - adder
Aim: an adder The blast of sand hits the adder.
The adder is almost dead.
b - 65 stones You feel sick.
The adder bites you.
Press: ? - help, Shift-Dir - straight line, f/p - adder
Aim: an adder (almost dead)
The splash of poison misses the adder.
You feel slightly more hungry. The adder barely misses you.
You feel sick. The adder bites you.
* * * LOW HITPOINT WARNING * * *
* * * LOW HITPOINT WARNING * * *
You feel sick. The adder bites you.
You die...

#.# #.########
#.#####.#
#.......##########
##.....>.........#
##.....########...
#......########...
###.................
#...................
#.#@.#<####...###.##
#.#S.#.# ##### #.#
##....#.# #..
#.#.....# ###.
##..#.### . #..#.#
#..#.#####.
#..........
#..####.##.


You could see an adder.

Vanquished Creatures
  2 adders (D:2)
  A leopard gecko (D:2)
  A giant cockroach (D:1)
  5 goblins
  3 hobgoblins
  A kobold (D:1)
  A quokka (D:2)
  A ball python (D:1)
  3 bats (D:1)
  3 frilled lizards (D:1)
  2 rats
23 creatures vanquished.

Notes
Turn   | Place    | Note
-------+----------+-------------------------------------------
     0 | D:1      | pstr the Naga Earth Elementalist began the quest for the Orb.
     0 | D:1      | Reached XP level 1. HP: 15/15 MP: 3/3
   424 | D:1      | Reached XP level 2. HP: 17/22 MP: 0/5
   892 | D:2      | Reached XP level 3. HP: 28/28 MP: 2/6
   900 | D:2      | Learned a level 3 spell: Stone Arrow
   934 | D:2      | Reached skill level 4 in Earth Magic
  1211 | D:2      | Slain by an adder

Skill      XL: |  1  2  3 |
---------------+----------+-----
Earth Magic    | 4 |  4.1
Dodging        | |  1.6
Stealth        | |  3.2
Spellcasting   | |  2.2
Transmutations | |  1.0

Action                   || total
-------------------------++-------
 Cast: Sandblast         ||    24
       Stone Arrow       ||     8
 Abil: Spit Poison       ||     6
  Eat: Chunk             ||     2
Armor: Robe              ||     6
Dodge: Dodged            ||    14
